Map: Orbital Shipyard

Players

LindyHop

  • Race: Zerg Zerg
  • League: Platinum

sTRockeTT - Winner!

  • Race: Terran Terran
  • League: Platinum

VOD

Have the link to the VOD?

Description

Time

  • Played on: Jan. 20, 2016, 7:33 p.m.
  • Length: 14:38
Show
View Real Time Build Order
Export as new Build Order

LindyHop Zerg 

Build Orders: Hatch First, Muta Ling Bane 

Get SALT Encoding   

  12  0:01  Drone  
  13  0:08  Drone  
  14  0:17  Overlord  
  14  0:23  Extractor  
  14  0:24  Drone  
  15  0:36  Drone x2  
  17  0:54  Hatchery  
  16  0:57  Drone  
  17  1:13  Spawning Pool  
  17  1:15  Drone  
  17  1:19  Extractor  
  17  1:21  Drone  
  17  1:26  Drone  
  18  1:35  Drone  
  19  1:42  Overlord  
  18  1:55  Drone  
  18  2:00  Queen  
  21  2:06  Queen  
  23  2:10  Drone x3  
  26  2:18  Overlord  
  26  2:23  Zergling x2  
  26  2:29  Zergling x2  
  28  2:35  Metabolic Boost  
  28  2:40  Queen  
  30  2:56  Drone x2  
  30  2:57  Drone  
  30  2:58  Roach Warren  
  32  3:02  Drone  
  33  3:09  Drone x2  
  35  3:23  Drone x5  
  35  3:26  Overlord  
  40  3:33  Queen  
  42  3:49  Drone x4  
  46  4:01  Drone x3  
  46  4:02  Drone  
  49  4:05  Hatchery  
  48  4:10  Lair  
  48  4:13  Extractor  
  47  4:19  Baneling Nest  
  47  4:23  Drone x3  
  49  4:26  Extractor  
  49  4:28  Extractor  
  46  4:36  Zergling x6  
  46  4:37  Zergling x2  
  50  4:42  Zergling x2  
  50  4:43  Zergling x2  
  52  4:47  Overlord x2  
  52  5:03  Baneling  
  52  5:04  Baneling x3  
  52  5:05  Zergling x2  
  52  5:06  Zergling x10  
  58  5:13  Zergling x4  
  59  5:24  Spire  
  59  5:25  Zergling x2  
  60  5:28  Zergling x2  
  60  5:29  Zergling x6  
  60  5:35  Zergling x2  
  59  5:41  Zergling x2  
  54  5:55  Drone x3  
  57  5:57  Hatchery  
  56  6:09  Drone x2  
  58  6:13  Overlord  
  58  6:16  Hatchery  
  57  6:38  Drone x3  
  57  6:39  Drone x2  
  62  6:43  Evolution Chamber  
  62  6:44  Evolution Chamber  
  60  6:48  Overseer  
  60  6:56  Drone x6  
  60  6:58  Zerg Flyer Weapons Level 1  
  66  7:12  Drone x4  
  70  7:25  Extractor  
  70  7:27  Zerg Ground Armor Level 1  
  70  7:28  Zerg Melee Weapons Level 1  
  70  7:29  Centrifical Hooks  
  69  7:30  Mutalisk, Extractor  
  69  7:31  Mutalisk x2  
  69  7:34  Drone x3  
  69  7:35  Drone x2  
  79  7:41  Pneumatized Carapace  
  79  7:44  Queen  
  81  7:52  Extractor  
  81  7:54  Hatchery  
  79  7:58  Zergling x2  
  79  7:59  Zergling x12  
  79  8:02  Drone  
  79  8:03  Overlord  
  79  8:04  Overlord x6  
  87  8:09  Hatchery  
  86  8:22  Mutalisk  
  86  8:23  Mutalisk x5  
  86  8:24  Mutalisk  
  96  8:35  Mutalisk  
  96  8:41  Drone x4  
  100  8:42  Drone  
  103  8:55  Mutalisk x4  
  105  8:56  Drone  
  105  8:57  Drone x2  
  114  9:13  Mutalisk x3  
  114  9:15  Drone  
  121  9:19  Drone x2  
  121  9:20  Drone x3  
  126  9:27  Mutalisk x2  
  130  9:35  Baneling x5  
  130  9:36  Baneling x3  
  129  9:40  Zergling x2  
  129  9:41  Zergling x14  
  129  9:45  Zergling x4  
  126  9:59  Mutalisk  
  106  10:00  Mutalisk x2  
  106  10:01  Zergling x2  
  106  10:02  Zergling x8  
  116  10:07  Zergling x2  
  116  10:17  Extractor  
  115  10:23  Hatchery  
  115  10:24  Queen  
  116  10:33  Drone x6  
  122  10:41  Mutalisk  
  122  10:42  Mutalisk x2  
  128  10:49  Mutalisk x3  
  132  10:59  Baneling x4  
  132  11:00  Baneling x4  
  132  11:02  Zergling x2  
  132  11:03  Zergling x10  
  138  11:07  Zergling x2  
  137  11:15  Zergling x2  
  137  11:16  Zergling x2  
  135  11:19  Zergling x2  
  136  11:27  Zergling x2  
  136  11:28  Zergling x4  
  138  11:38  Drone x6  
  133  11:43  Zergling x2  
  134  12:05  Zerg Flyer Weapons Level 2  
  134  12:06  Hatchery  
  134  12:07  Mutalisk  
  135  12:18  Infestation Pit  
  135  12:20  Zergling x22  
  145  12:32  Zergling x8  
  147  12:48  Drone x2  
  147  12:50  Overlord  
  147  12:51  Overlord x4, Extractor  
  149  12:52  Extractor  
  147  13:02  Baneling x10  
  147  13:03  Baneling x8  
  147  13:08  Zergling x2  
  147  13:09  Zergling x14  
  155  13:15  Zergling x6  
  157  13:26  Zergling x10  
  123  13:28  Zergling x2  
  123  13:29  Zergling x2  
  92  13:36  Baneling  
  92  13:37  Baneling x8  
  89  13:45  Zergling x8  
  92  13:50  Zergling x6  
  92  13:51  Zergling x2  
  90  13:57  Zergling x2  
  90  14:01  Zergling x6  
  81  14:04  Hatchery  
  81  14:06  Spore Crawler  
  81  14:08  Spore Crawler  
  81  14:09  Spore Crawler  
  75  14:10  Zergling x2  
  75  14:11  Zergling x4  
  75  14:13  Baneling x5  
  75  14:14  Zergling x2  
Show
View Real Time Build Order
Export as new Build Order

sTRockeTT Terran - Winner!

Build Orders: Liberator Opening, MMM Bio 

Get SALT Encoding   

  12  0:00  SCV  
  13  0:13  SCV  
  14  0:17  Supply Depot  
  14  0:25  SCV  
  15  0:39  SCV  
  15  0:41  Barracks  
  16  0:44  Refinery  
  16  0:51  SCV  
  17  1:03  SCV  
  18  1:15  SCV  
  19  1:29  Marine  
  20  1:32  Orbital Command  
  20  1:48  Command Center  
  20  1:54  Barracks Tech Lab  
  20  1:57  Barracks Reactor  
  20  2:01  Supply Depot  
  20  2:06  SCV  
  21  2:20  SCV  
  21  2:22  Factory  
  22  2:26  Supply Depot  
  22  2:32  SCV  
  23  2:37  Marine x2  
  25  2:44  SCV  
  25  2:50  Refinery  
  26  2:54  Barracks  
  26  3:01  Orbital Command  
  26  3:07  Factory Tech Lab  
  26  3:19  Supply Depot  
  26  3:21  Starport  
  26  3:24  Marine  
  27  3:28  Marine  
  27  3:31  SCV  
  29  3:39  Siege Tank  
  32  3:43  Barracks Tech Lab  
  32  3:44  SCV  
  32  3:45  SCV  
  34  3:50  Marine  
  34  3:52  Marine  
  34  3:53  Liberator  
  36  3:56  SCV  
  37  4:11  Marine x2  
  42  4:17  SCV x2, Refinery  
  42  4:18  Refinery  
  44  4:28  Stimpack  
  44  4:29  SCV, Marine x3  
  48  4:37  Bunker  
  48  4:39  SCV  
  48  4:41  SCV  
  50  4:51  SCV  
  51  4:58  Reaper  
  52  5:00  Marine  
  52  5:01  Marine  
  52  5:05  SCV  
  52  5:06  Command Center  
  54  5:30  SCV  
  54  5:31  Marine  
  54  5:33  Marine  
  53  5:36  Marauder  
  50  5:42  Siege Tank  
  50  5:43  Starport Reactor  
  50  5:46  SCV  
  50  5:47  SCV  
  50  5:49  Marine  
  53  5:51  Barracks, Marine  
  53  5:53  Barracks  
  53  5:54  Supply Depot  
  53  5:57  Supply Depot, Marine  
  51  5:58  SCV  
  53  6:07  Marine  
  53  6:09  Engineering Bay  
  54  6:12  Engineering Bay  
  54  6:16  SCV  
  55  6:18  Marine  
  55  6:19  Orbital Command  
  55  6:24  SCV  
  57  6:28  SCV  
  57  6:30  Viking  
  60  6:32  Medivac  
  60  6:37  Orbital Command  
  60  6:38  Siege Tank  
  66  6:40  SCV  
  66  6:58  Barracks Reactor x2  
  66  7:07  SCV x2, Marine x2  
  66  7:08  Marauder  
  72  7:14  SCV  
  73  7:18  Terran Infantry Weapons Level 1, Terran Infantry Armor Level 1  
  73  7:19  SCV, Barracks  
  73  7:20  Medivac x2  
  73  7:22  SCV  
  79  7:25  Marine  
  79  7:26  Barracks  
  79  7:29  Marauder  
  82  7:35  Marine x2  
  82  7:36  Marine  
  85  7:40  Supply Depot  
  85  7:41  Barracks  
  85  7:48  Missile Turret, Marine x3  
  88  7:51  Supply Depot  
  88  7:52  Missile Turret  
  88  7:53  Marine, Marauder  
  91  8:02  Marine x2  
  91  8:05  SCV x2  
  95  8:06  Marine  
  95  8:07  Barracks Reactor  
  96  8:13  Barracks Tech Lab  
  96  8:14  Marauder  
  96  8:15  Armory  
  96  8:19  Marine  
  98  8:20  Marine  
  98  8:21  Marine x2  
  98  8:23  SCV x2  
  102  8:35  Marauder  
  102  8:39  Marine x3  
  107  8:43  Missile Turret  
  107  8:48  Missile Turret  
  107  8:49  Marine x3  
  107  8:51  Combat Shields  
  110  8:56  Marine x2  
  110  8:57  Missile Turret  
  110  8:58  SCV x2  
  110  8:59  SCV  
  115  9:07  Marauder  
  117  9:12  Missile Turret  
  117  9:14  Supply Depot x2  
  117  9:32  Missile Turret  
  117  9:35  SCV x3, Marine x10  
  127  9:47  SCV  
  128  9:53  Marine x5  
  128  9:56  Marine x5  
  100  10:11  Marine x5  
  100  10:12  Medivac x2  
  100  10:13  Siege Tank, Marine  
  100  10:14  Marine x4  
  112  10:23  SCV  
  112  10:24  SCV x2  
  115  10:28  Marine x5  
  115  10:30  Refinery  
  115  10:31  Marine  
  115  10:32  Marine x4  
  115  10:33  Refinery  
  124  10:45  Siege Tank  
  124  10:46  Marine x5  
  124  10:49  Marine x5  
  129  10:53  Liberator  
  133  10:57  Liberator  
  133  11:05  Terran Infantry Weapons Level 2, Terran Infantry Armor Level 2  
  133  11:06  Starport  
  133  11:07  Supply Depot, Marine  
  133  11:10  Marine x5  
  141  11:18  Missile Turret  
  141  11:28  Marine x5  
  144  11:35  Marine x5  
  144  11:36  Liberator  
  144  11:37  Thor  
  140  11:45  Missile Turret  
  140  11:46  Marine x5, Liberator x2  
  145  11:53  Marine  
  149  12:02  Supply Depot  
  149  12:03  Supply Depot  
  149  12:04  SCV x2  
  149  12:07  Missile Turret  
  149  12:08  Missile Turret  
  157  12:24  Marine x8  
  157  12:25  Marine x2  
  166  12:30  Missile Turret  
  149  12:42  Marine x7  
  151  12:56  Marauder, Marine x2  
  155  12:59  Marine  
  155  13:02  SCV x3  
  159  13:14  SCV x2, Marauder  
  159  13:15  SCV  
  113  13:30  Marine  
  113  13:31  Marine x3  
  105  13:34  Marine x3  
  105  13:35  Marine x3  
  111  13:48  Marine x2  
  111  13:49  Marine x2  
  111  13:52  Marine x5  
  98  14:05  Marine  
  98  14:06  Marine x4  
  98  14:07  SCV x2  
  105  14:10  Command Center, Marine x2  
  105  14:11  Refinery  
  105  14:16  Marine  
  105  14:17  Marine x2  
Tags
 
Add a new tag
Caveats
  • Supply blocks, unpowered buildings, or Contaminate may cause inaccurate times.
  • Supply counts are checked every 10 seconds.